 Dungeon Crawl Stone Soup version 0.31-a0-264-ga0b03e459d (webtiles) character file.

Game seed: 18261627973838598616

7730 qw the Skirmisher (level 11, -7/96 (97) HPs)
             Began as a Minotaur Hexslinger on July 13, 2023.
             Was a Priest of Okawaru.
             Mangled by Grum
             ... wielding a -1 spear of pain
              (15 damage)
             ... on level 9 of the Dungeon.
             The game lasted 00:03:24 (8786 turns).

qw the Skirmisher (Minotaur Hexslinger)             Turns: 8786, Time: 00:03:25

HP:   -7/96 (97)    AC: 11    Str: 13    XL:     11   Next: 0%
MP:   12/13         EV: 20    Int: 10    God:    Okawaru [***...]
Gold: 293           SH:  0    Dex: 21    Spells: 11/12 levels left

rFire   . . .        Y - +4 triple crossbow (drain)
rCold   . . .        (shield currently unavailable)
rNeg    . . .        o - +1 leather armour {rPois}
rPois   +            (helmet restricted)
rElec   .            (no cloak)
rCorr   .            k - +0 pair of gloves
SInv    .            a - +0 pair of boots "Empeul" {Dex+4}
Will    .....        j - amulet of faith
Stlth   +++          d - +4 ring of protection
HPRegen 0.36/turn    f - +4 ring of slaying {mikee}
MPRegen 0.13/turn

%: faith
@: about to teleport, heroic, lightly drained
A: horns 2, retaliatory headbutt
a: Renounce Religion, Heroism


You were on level 9 of the Dungeon.
You worshipped Okawaru.
Okawaru was most pleased with you.
You visited 2 branches of the dungeon, and saw 10 of its levels.

You collected 293 gold pieces.


Innate Abilities, Weirdness & Mutations

You have a pair of horns on your head.
You reflexively headbutt those who attack you in melee.


   Skills:
 + Level 9.2(14.2) Fighting
 - Level 14.0(19.0) Ranged Weapons
 - Level 3.5(8.5) Armour
 - Level 7.2(12.2) Dodging
 - Level 1.0 Spellcasting
 - Level 2.0 Hexes
 - Level 4.0 Invocations


You had 11 spell levels left.
You knew the following spells:

 Your Spells              Type           Power      Damage    Failure   Level
a - Slow                  Hex            16%        N/A       19%         1

Your spell library contained the following spells:

 Spells                   Type           Power      Damage    Failure   Level
 Inner Flame              Hex/Fire       2%         N/A       63%         3
 Portal Projectile        Hex/Tloc       4%         N/A       63%         3
 Cause Fear               Hex            2%         N/A       88%         4

Inventory:

Hand Weapons
 Y - a +4 triple crossbow of draining (weapon)
Armour
 a - the +0 pair of boots "Empeul" (worn) {Dex+4}
   (You found it on level 3 of the Dungeon)

   Dex:       It affects your dexterity (+4).
 k - a +0 pair of gloves (worn)
 o - a +1 leather armour of poison resistance (worn)
Jewellery
 d - a +4 ring of protection (left hand)
 f - a +4 ring of slaying (right hand) {mikee}
 j - an amulet of faith (around neck)
 p - the ring "Gejylousk" {rPois rF+}
   (You acquired it on level 7 of the Dungeon)

   [ring of poison resistance]

   rF:        It protects you from fire.
   rPois:     It protects you from poison.
Scrolls
 b - a scroll of identify
Potions
 c - a potion of mutation
 e - a potion of enlightenment
 g - a potion of cancellation
 i - a potion of curing
 l - a potion of haste
 n - a potion of resistance

Dungeon Overview and Level Annotations

Branches:
Dungeon (9/15)             Temple (1/1) D:6            Lair (0/5) D:9
    Orc: D:9-12

Altars:
Ashenzari
Cheibriados
Dithmenos
Elyvilon
Fedhas
Gozag
Hepliaklqana
Kikubaaqudgha
Makhleb
Nemelex Xobeh
Okawaru
Qazlal
Ru
Sif Muna
Trog
Uskayaw
Vehumet
Wu Jian
Xom
Yredelemnul
Zin
The Shining One

Shops:
D:6 *

Annotations:
D:6 1 runed translucent door, Crazy Yiuf
D:9 Grum


Message History

The centaur shoots an arrow.
The arrow misses you.
A wolf comes into view.
The wolf moves out of view.
Your base Ranged Weapons skill increases to level 14!
You shoot a bolt. The bolt hits the centaur.
You drain the centaur.
The centaur is lightly wounded.
The centaur shoots an arrow.
The arrow completely misses you.
You shoot a bolt. The bolt hits the wolf!!
You drain the wolf.
You kill the wolf!
Okawaru accepts your kill.
Okawaru will now gift you throwing weapons as you gain piety.
Your surroundings seem slightly different.
A scorpion, Grum and a wolf come into view.
Grum is wielding a -1 spear of pain.
Found a staircase to the Lair.
The centaur shoots an arrow.
The arrow hits you.
Grum sniffs the air and quickly glances around.
The scorpion moves out of view.
The wolf moves out of view.
You hear a howl!
Enter note:
Enter note:
8784 ||| READING scroll of teleportation.
As you read the scroll of teleportation, it crumbles to dust.
You feel strangely unstable.
You hear a howl!
The centaur shoots an arrow.
The arrow barely misses you.
A wolf comes into view.
The centaur shoots an arrow.
The arrow completely misses you.
You shoot a bolt. The bolt hits the wolf!!
You kill the wolf!
Okawaru accepts your kill.
An orc warrior comes into view. It is wielding a +0 dire flail.
The centaur shoots an arrow.
The arrow barely misses you.
The arrow hits the plant!
The plant begins to die.
You have reached level 11!
You shoot a bolt. The bolt closely misses Grum.
The bolt hits the wolf!!!
You kill the wolf!
Okawaru accepts your kill.
The centaur shoots an arrow.
The arrow misses you.
The arrow hits the plant.
Grum hits you from afar with a -1 spear of pain!
You die...

.P...P..P..7..#
....7.>..P..P..
.....P...7....#
...P.P..P...P.#
...7P..P.P..... P
............#
..##.....7.|.......#
#..#.....P..@..P....
#.......P.P...#...#
..........%.g# . ...
#...........ch..#
...##...#..)........%.
...[...###))%..........
........###.###......o..
....?...# #...%.........
##.#....###.###.....


You could see Grum, an orc warrior, a wolf and a centaur (drained).

Vanquished Creatures
  A centaur warrior (D:8)
  Pikel (D:7)
  Joseph (D:7)
  Grinder (D:6)
  Prince Ribbit (D:7)
  Sigmund (D:2)
  Eustachio (D:5)
  3 wyverns
  10 yaks
  A steam dragon (D:8)
  2 water moccasins (D:9)
  An orc warrior (D:9)
  A sky beast (D:6)
  2 black bears
  3 wolves (D:9)
  4 ogres
  2 centaurs
  A lemure (D:7)
  Blork the orc (D:6)
  3 bullfrogs
  6 scorpions
  15 wights
  2 howler monkeys
  4 orc priests
  2 gnoll boudas
  3 hounds
  3 jellies
  8 iguanas
  3 orc wizards
  13 adders
  14 gnolls
  A shadow imp (D:6)
  A white imp (D:6)
  An ufetubus (D:4)
  2 worms
  2 dart slugs (D:4)
  17 orcs
  6 ball pythons
  6 endoplasms
  2 giant cockroaches (D:3)
  9 goblins
  9 hobgoblins
  8 jackals (D:2)
  7 kobolds
  6 quokkas
  8 bats (D:1)
  4 frilled lizards
  9 rats
212 creatures vanquished.

Vanquished Creatures (others)
  An angel (D:4)
1 creature vanquished.

Grand Total: 213 creatures vanquished

Notes
Turn   | Place    | Note
-------+----------+-------------------------------------------
     0 | D:1      | qw the Minotaur Hexslinger began the quest for the Orb.
     0 | D:1      | Reached XP level 1. HP: 16/16 MP: 1/1
     0 | D:1      | 0 ||| qw: Version: 0.3-a-52-g30416fa
     0 | D:1      | 0 ||| qw: Game counter: 7567
     0 | D:1      | 0 ||| qw: Melee chars always use a shield: true
     0 | D:1      | 0 ||| qw: God list: Okawaru
     0 | D:1      | 0 ||| qw: Allow faded altars: false
     0 | D:1      | 0 ||| qw: Do Orc after clearing Dungeon:15 true
     0 | D:1      | 0 ||| qw: Do second Lair branch before Depths: true
     0 | D:1      | 0 ||| qw: Lair rune preference: random
     0 | D:1      | 0 ||| qw: Goals: Normal
     0 | D:1      | 0 ||| PLANNING D:1-11
   248 | D:1      | Reached skill level 3 in Ranged Weapons
   281 | D:1      | Reached XP level 2. HP: 23/23 MP: 2/2
   540 | D:1      | Reached XP level 3. HP: 29/29 MP: 3/3
   878 | D:1      | 878 ||| UPGRADING to +0 leather armour.
   888 | D:1      | 888 ||| DROPPING +0 robe.
   889 | D:1      | 889 ||| UPGRADING to amulet of guardian spirit.
   894 | D:1      | 894 ||| UPGRADING to +4 ring of protection.
   895 | D:1      | 895 ||| UPGRADING to +4 ring of slaying {mikee}.
   896 | D:1      | 896 ||| READING scroll labelled OWNAXZAESO.
   897 | D:1      | 897 ||| READING scroll labelled KYGAHO FIOTEOZ.
   898 | D:1      | 898 ||| DROPPING scroll of poison.
   991 | D:2      | Found a faded altar of an unknown god.
   998 | D:2      | Reached skill level 4 in Ranged Weapons
  1156 | D:2      | Reached XP level 4. HP: 36/36 MP: 4/4
  1278 | D:2      | Noticed Sigmund
  1287 | D:2      | Killed Sigmund
  1288 | D:2      | Reached skill level 6 in Ranged Weapons
  1288 | D:2      | Reached XP level 5. HP: 36/41 MP: 3/5
  1617 | D:2      | Reached skill level 3 in Fighting
  1617 | D:2      | Reached XP level 6. HP: 50/51 MP: 6/6
  1824 | D:2      | 1824 ||| UPGRADING to +0 ring mail.
  1834 | D:2      | 1834 ||| DROPPING +0 leather armour.
  1835 | D:2      | 1835 ||| READING scroll labelled GEDUGE VEUG.
  1836 | D:2      | 1836 ||| READING scroll labelled EXKYOCOJUA.
  1837 | D:2      | 1837 ||| READING scroll labelled SYNYPEOWNA.
  1842 | D:2      | 1842 ||| READING scroll labelled ZUTWEW KUANWU.
  1907 | D:3      | 1907 ||| PLANNING SEWER
  1918 | D:3      | Reached skill level 1 in Armour
  1937 | D:3      | You fall into a shaft and drop 3 floors!
  2011 | D:6      | Reached skill level 7 in Ranged Weapons
  2061 | D:6      | Found a staircase to the Ecumenical Temple.
  2106 | D:6      | Reached XP level 7. HP: 59/59 MP: 7/7
  2209 | D:6      | Noticed Grinder
  2211 | D:6      | Paralysed by Grinder for 5 turns
  2218 | D:6      | Paralysed by Grinder for 4 turns
  2224 | D:6      | Killed Grinder
  2225 | D:6      | Reached skill level 8 in Ranged Weapons
  2241 | D:6      | Reached skill level 9 in Ranged Weapons
  2241 | D:6      | HP: 15/61 [poisoned by a scorpion]
  2423 | D:6      | 2423 ||| DROPPING ring of resist corrosion.
  2424 | D:6      | 2424 ||| DRINKING 2 sedimented yellow potions.
  2425 | D:6      | 2425 ||| DROPPING potion of degeneration.
  2433 | D:5      | Entered Level 5 of the Dungeon
  2495 | D:5      | 2495 ||| DRINKING 2 green potions.
  2498 | D:5      | Noticed Eustachio
  2510 | D:5      | Killed Eustachio
  2511 | D:5      | Reached skill level 3 in Armour
  2511 | D:5      | Reached XP level 8. HP: 52/68 MP: 4/8
  2664 | D:3      | 2664 ||| RIP SEWER
  2687 | D:3      | 2687 ||| PLANNING TEMPLE
  2687 | D:3      | 2687 ||| DROPPING scarf of harm.
  2843 | Temple   | Entered the Ecumenical Temple
  2855 | Temple   | 2855 ||| PLANNING OKAWARU WORSHIP
  3005 | Temple   | Became a worshipper of Warmaster Okawaru
  3006 | Temple   | 3006 ||| PLANNING D:1-11
  3006 | Temple   | 3006 ||| REMOVING amulet of guardian spirit.
  3011 | Temple   | 3011 ||| DROPPING amulet of guardian spirit.
  3216 | D:3      | 3216 ||| FLEEEEING.
  3271 | D:3      | Identified the +0 pair of boots "Empeul" {Dex+4}
  3281 | D:3      | Found a white marble altar of Elyvilon.
  3542 | D:3      | Found a sparkling altar of Nemelex Xobeh.
  3705 | D:3      | 3705 ||| UPGRADING to +0 pair of boots "Empeul" {Dex+4}.
  3710 | D:3      | 3710 ||| READING 2 scrolls of identify.
  3710 | D:3      | 3710 ||| IDENTIFYING fuming golden potion
  3711 | D:3      | 3711 ||| DROPPING potion of lignification.
  3848 | D:4      | Found a shimmering altar of Xom.
  3849 | D:4      | Noticed an angel
  3855 | D:4      | Found a glowing silver altar of Zin.
  3995 | D:4      | Reached skill level 3 in Dodging
  4001 | D:4      | Reached skill level 6 in Fighting
  4001 | D:4      | Killed an angel
  4177 | D:4      | Found a shadowy altar of Dithmenos.
  4560 | D:4      | 4560 ||| DRINKING 2 cyan potions.
  4561 | D:4      | 4561 ||| DRINKING potion of curing.
  4561 | D:4      | 4561 ||| (to cure confusion)
  4562 | D:4      | 4562 ||| DRINKING 2 bubbling grey potions.
  4563 | D:4      | 4563 ||| DROPPING potion of ambrosia.
  4564 | D:4      | 4564 ||| DROPPING potion of brilliance.
  4847 | D:5      | Found a radiant altar of Vehumet.
  4848 | D:5      | 4848 ||| FLEEEEING.
  4874 | D:5      | Reached skill level 10 in Ranged Weapons
  5030 | D:5      | Found a basalt altar of Yredelemnul.
  5483 | D:5      | 5483 ||| DRINKING 2 silvery potions.
  5484 | D:5      | 5484 ||| READING 3 scrolls of identify.
  5484 | D:5      | 5484 ||| IDENTIFYING blue potion
  5485 | D:5      | 5485 ||| READING 2 scrolls of identify.
  5485 | D:5      | 5485 ||| IDENTIFYING metallic purple potion
  5530 | D:6      | Found a runed translucent door.
  5531 | D:6      | Noticed Crazy Yiuf
  5598 | D:6      | Reached * piety under Okawaru
  5686 | D:6      | Noticed Blork the orc
  5687 | D:6      | 5687 ||| INVOKING Heroism.
  5698 | D:6      | Killed Blork the orc
  5699 | D:6      | Reached XP level 9. HP: 63/79 MP: 7/9
  5884 | D:6      | Found Ebbia's Overcharged Wands.
  5892 | D:6      | 5892 ||| SHOPLISTING wand of digging (11) (693 gold, have
                  | 209).
  6072 | D:6      | 6072 ||| UPGRADING to +2 robe.
  6082 | D:6      | 6082 ||| DROPPING +0 ring mail.
  6111 | D:7      | Noticed Pikel
  6112 | D:7      | 6112 ||| INVOKING Heroism.
  6130 | D:7      | Killed Pikel
  6131 | D:7      | Reached skill level 6 in Dodging
  6131 | D:7      | 6131 ||| STAIRDANCE
  6139 | D:6      | Reached skill level 1 in Invocations
  6221 | D:7      | 6221 ||| STAIRDANCE
  6433 | D:7      | Found a blossoming altar of Fedhas.
  6436 | D:7      | Found an opulent altar of Gozag.
  6439 | D:7      | Found a burning altar of Makhleb.
  6442 | D:7      | Found a glowing golden altar of the Shining One.
  6442 | D:7      | Noticed Prince Ribbit
  6443 | D:7      | 6443 ||| INVOKING Heroism.
  6447 | D:7      | Killed Prince Ribbit
  6448 | D:7      | Reached skill level 3 in Invocations
  6544 | D:7      | 6544 ||| INVOKING Heroism.
  6590 | D:7      | 6590 ||| INVOKING Heroism.
  6592 | D:7      | Reached skill level 11 in Ranged Weapons
  6747 | D:7      | 6747 ||| SWAPPING to +0 shortbow.
  6748 | D:7      | 6748 ||| DROPPING +1 sling.
  6772 | D:7      | 6772 ||| INVOKING Heroism.
  6833 | D:7      | 6833 ||| INVOKING Heroism.
  6897 | D:7      | Found a bloodstained altar of Trog.
  6897 | D:7      | Noticed Joseph
  6904 | D:7      | 6904 ||| INVOKING Heroism.
  6913 | D:7      | Killed Joseph
  7131 | D:7      | 7131 ||| INVOKING Heroism.
  7371 | D:7      | 7371 ||| Stepping ~*~*~tactically~*~*~ (outnumbered).
  7373 | D:7      | 7373 ||| INVOKING Heroism.
  7379 | D:7      | 7379 ||| Stepping ~*~*~tactically~*~*~ (outnumbered).
  7382 | D:7      | Reached skill level 12 in Ranged Weapons
  7382 | D:7      | Reached XP level 10. HP: 76/86 MP: 9/12
  7556 | D:7      | 7556 ||| UPGRADING to +0 pair of gloves.
  7561 | D:7      | 7561 ||| READING scroll labelled IMASMIRUHEM.
  7562 | D:7      | 7562 ||| READING scroll labelled DOCHO TOTARGHOC.
  7563 | D:7      | 7563 ||| READING scroll labelled FIBAAMMINAV.
  7564 | D:7      | 7564 ||| DRINKING 2 fuming puce potions.
  7565 | D:7      | 7565 ||| READING 2 scrolls of identify.
  7565 | D:7      | 7565 ||| IDENTIFYING sedimented black potion
  7603 | D:8      | 7603 ||| INVOKING Heroism.
  7639 | D:8      | 7639 ||| FLEEEEING.
  7696 | D:8      | 7696 ||| SWAPPING to +0 orcbow.
  7697 | D:8      | 7697 ||| DROPPING +1 shortbow.
  7704 | D:8      | Noticed a centaur warrior
  7707 | D:8      | 7707 ||| INVOKING Heroism.
  7715 | D:8      | Killed a centaur warrior
  7980 | D:8      | Found a broken altar of Ashenzari.
  8029 | D:8      | 8029 ||| INVOKING Heroism.
  8034 | D:8      | HP: 21/87 [wight/+3 dire flail (10)]
  8035 | D:8      | 8035 ||| READING 2 scrolls of teleportation.
  8037 | D:8      | HP: 10/85 [wight/+4 flail (1)]
  8039 | D:8      | HP: 3/85 [wight/+0 long sword (7)]
  8039 | D:8      | HP: 1/83 [wight/+0 long sword (2)]
  8145 | D:8      | 8145 ||| FLEEEEING.
  8148 | D:8      | 8148 ||| FLEEEEING.
  8149 | D:8      | 8149 ||| FLEEEEING.
  8151 | D:8      | 8151 ||| STAIRDANCE
  8284 | D:7      | 8284 ||| UPGRADING to +1 leather armour of poison
                  | resistance.
  8294 | D:7      | 8294 ||| DROPPING +2 robe.
  8295 | D:7      | 8295 ||| READING 3 scrolls labelled OFIERUYFFU.
  8295 | D:7      | Identified 3 scrolls of acquirement
  8295 | D:7      | 8295 ||| ACQUIRING ring "Gejylousk" {rPois rF+}
  8295 | D:7      | Acquired the ring "Gejylousk" {rPois rF+}
  8296 | D:7      | 8296 ||| READING 2 scrolls of acquirement.
  8296 | D:7      | 8296 ||| ACQUIRING +4 triple crossbow of freezing
  8296 | D:7      | Acquired a +4 triple crossbow of freezing
  8297 | D:7      | 8297 ||| READING scroll of acquirement.
  8297 | D:7      | 8297 ||| ACQUIRING amulet of faith
  8297 | D:7      | Acquired an amulet of faith
  8299 | D:7      | 8299 ||| SWAPPING to +4 triple crossbow of freezing.
  8300 | D:7      | 8300 ||| DROPPING +0 orcbow.
  8301 | D:7      | 8301 ||| UPGRADING to amulet of faith.
  8313 | D:8      | Reached ** piety under Okawaru
  8314 | D:8      | Reached skill level 13 in Ranged Weapons
  8373 | D:8      | Reached skill level 9 in Fighting
  8417 | D:8      | 8417 ||| INVOKING Heroism.
  8661 | D:8      | 8661 ||| DROPPING ring of see invisible.
  8662 | D:8      | 8662 ||| READING scroll labelled YCKIAK LIUT.
  8702 | D:9      | 8702 ||| INVOKING Heroism.
  8775 | D:9      | 8775 ||| INVOKING Heroism.
  8779 | D:9      | HP: 22/91 [wight/+0 trident (4)]
  8780 | D:9      | 8780 ||| READING 2 scrolls of teleportation.
  8780 | D:9      | HP: 10/87 [wight/+0 trident (3)]
  8782 | D:9      | Reached skill level 14 in Ranged Weapons
  8783 | D:9      | Reached *** piety under Okawaru
  8783 | D:9      | Found a staircase to the Lair.
  8783 | D:9      | Noticed Grum
  8784 | D:9      | 8784 ||| READING scroll of teleportation.
  8786 | D:9      | Reached XP level 11. HP: 7/96 MP: 11/13
  8786 | D:9      | Mangled by Grum

Levels and vault maps discovered:
D:1:      scummos_arrival_gate, layout_loops_corners
D:2:      wad_lake_hut, layout_basic, basic_ecumenical_altar,
          minmay_tetromino_l4, uniq_sigmund
D:3:      layout_rooms, lemuel_tele_altar, mainiacjoe_overflow_six_doors_small,
          serial_rivers, chequers_serial_rivers_small_a,
          chequers_serial_rivers_micro_e, chequers_serial_rivers_marsh,
          chequers_serial_rivers_small_3, chequers_serial_rivers_room_a,
          portal_sewer_entry_f, dreamdust_princess_corridor,
          minmay_misc_feat_hallway, minmay_misc_feat_four_crosses, st_stairs_13
D:4:      layout_gridville, grunt_temple_overflow_order_and_chaos_1,
          nicolae_dithmenos_the_darkroom, serial_bayou_ford_a, roderic_lattice_a
D:5:      layout_layer_cave, nicolae_overflow_crystal_walls,
          vehumet_altar_wand_db, uniq_eustachio
D:6:      layout_loops_ring, minmay_temple_entry_antechambers,
          nicolae_shop_overcharged_wands, uniq_crazy_yiuf_cottage, uniq_grinder,
          uniq_blork_the_orc
D:7:      layout_loops_ring, mainiacjoe_overflow_alcove_1,
          grunt_temple_overflow_cloverleaf, nrook_pool_corridor, st_stairs_12,
          uniq_pikel, uniq_prince_ribbit1, uniq_joseph
D:8:      layout_rooms, mainiacjoe_overflow_surrounded_room
D:9:      layout_rooms, minmay_lair_entry_grove, uniq_grum
Temple:   chequers_temple_sunken

Skill      XL: |  1  2  3  4  5  6  7  8  9 10 |
---------------+-------------------------------+-----
Ranged Weapons | 3 4 6 7 9 10 12 14 | 14.0
Fighting       | 2 3 4 5 7 9 |  9.2
Armour         | 1 3 |  3.5
Dodging        | 4 6 7 |  7.2
Invocations    | 4 |  4.0
Spellcasting   | |  1.0
Hexes          | |  2.0

Action                     |  1- 3 |  4- 6 |  7- 9 | 10-12 || total
---------------------------+-------+-------+-------+-------++-------
   Fire: Sling             |   108 |    81 |   327 |       ||   516
         Shortbow          |       |       |    56 |    28 ||    84
         Orcbow            |       |       |       |    59 ||    59
         Triple crossbow   |       |       |       |    48 ||    48
 Invoke: Heroism           |       |       |    10 |     6 ||    16
    Use: Scroll            |     2 |     4 |     3 |    11 ||    20
         Potion            |       |       |     6 |     1 ||     7
 Armour: Robe              |     7 |       |    13 |     4 ||    24
         Leather armour    |     5 |     2 |       |    13 ||    20
         Ring mail         |       |     7 |    65 |       ||    72
  Dodge: Dodged            |    15 |    17 |   116 |    97 ||   245

Table legend:
 A = Non-vault XP
 B = Vault XP
 C = Vault XP percentage of total XP
 D = Non-vault monster count
 E = Vault monster count
 F = Vault count percentage of total count
                 A         B        C        D         E       F
            +---------+---------+-------+---------+---------+-------
      Total |    6938 |    4225 |  37.8 |     181 |      30 |  14.2
            +---------+---------+-------+---------+---------+-------
        D:1 |      54 |       0 |   0.0 |      27 |       0 |   0.0
        D:2 |     110 |     217 |  66.4 |      29 |       3 |   9.4
        D:3 |     136 |      12 |   8.1 |      16 |       6 |  27.3
        D:4 |     249 |       0 |   0.0 |      13 |       0 |   0.0
        D:5 |     541 |     213 |  28.2 |      17 |       2 |  10.5
        D:6 |     990 |     416 |  29.6 |      16 |       3 |  15.8
        D:7 |    1313 |    1349 |  50.7 |      27 |       3 |  10.0
        D:8 |    3035 |       0 |   0.0 |      27 |       0 |   0.0
        D:9 |     510 |    2018 |  79.8 |       9 |      13 |  59.1
            +---------+---------+-------+---------+---------+-------
